 Dungeon Crawl Stone Soup version 0.28.0 (webtiles) character file.

Game seed: 17172413397054093232

2408 tizbic2 the Basher (level 9, -7/80 HPs)
             Began as a Troll Monk on Feb 7, 2022.
             Was a Priest of Makhleb.
             Mangled by an orc warrior (8 damage)
             ... on level 7 of the Dungeon.
             The game lasted 00:33:30 (5242 turns).

tizbic2 the Basher (Troll Monk)                     Turns: 5242, Time: 00:33:30

Health: -7/80      AC:  4    Str: 27    XL:     9   Next: 23%
Magic:  12/12      EV: 10    Int:  6    God:    Makhleb [***...]
Gold:   327        SH:  0    Dex: 12    Spells: 8/8 levels left

rFire   . . .      SeeInvis .   s - +8 whip "tizbic2's Foe" {spect, rElec Will+}
rCold   . . .      Faith    +   (no shield)
rNeg    + . .      Spirit   .   b - +0 robe
rPois   .          Reflect  .   (helmet restricted)
rElec   +          Harm     .   (no cloak)
rCorr   .          Rampage  .   (gloves unavailable)
Will    +....      Rage     1%  (boots unavailable)
Stlth   ++........              u - amulet of faith
HPRegen 1.03/turn               d - ring of wizardry
MPRegen 0.13/turn               l - ring of positive energy

@: mesmerised, hasted, very quick
A: large, unfitting armour, claws 3, regeneration 1, shaggy fur 1, tough skin 1,
berserk 1, strong 1
a: Renounce Religion, Minor Destruction, Lesser Servant of Makhleb


You were on level 7 of the Dungeon.
You worshipped Makhleb.
Makhleb was most pleased with you.
You visited 2 branches of the dungeon, and saw 8 of its levels.

You collected 327 gold pieces.

Inventory:

Hand Weapons
 s - the +8 whip "tizbic2's Foe" (weapon) {spect, rElec Will+}
   (You found it on level 5 of the Dungeon)

   When its wielder attacks, the weapon's spirit leaps out and strikes again.
   The spirit shares a part of any damage it takes with its wielder.
   rElec:     It insulates you from electricity.
   Will:      It increases your willpower.
 t - a +2 dagger of venom
 y - a +0 giant club
Missiles
 f - 128 stones
 g - 3 boomerangs (quivered)
 m - 3 poisoned darts
 n - a throwing net
Armour
 b - a +0 robe (worn)
Jewellery
 d - a ring of wizardry (left claw)
 i - a ring of magical power
 l - a ring of positive energy (right claw)
 u - an amulet of faith (around neck)
Wands
 o - a wand of digging (9)
Scrolls
 a - a scroll of identify
 h - a scroll of blinking
 j - 4 scrolls of fear
 p - 4 scrolls of teleportation
 w - a scroll of magic mapping
Potions
 c - 2 potions of resistance
 e - a potion of lignification
 k - a potion of might {unknown}
 r - a potion of ambrosia
 v - a potion of flight
 x - a potion of attraction {unknown}


   Skills:
 - Level 2.5 Fighting
 + Level 9.8 Maces & Flails
 - Level 2.4 Dodging
 - Level 1.0 Stealth
 * Level 6.4 Invocations


You had 8 spell levels left.
You didn't know any spells.
Your spell library contained the following spells:

 Spells                   Type           Power      Damage    Failure   Level
 Animate Skeleton         Necr           0%         N/A       21%         1
 Apportation              Tloc           0%         N/A       21%         1
 Slow                     Hex            0%         N/A       21%         1
 Summon Small Mammal      Summ           0%         N/A       21%         1
 Blink                    Tloc           0%         N/A       28%         2
 Confusing Touch          Hex            0%         N/A       50%         3
 Stone Arrow              Conj/Erth      0%         3d7       50%         3
 Vampiric Draining        Necr           0%         2d6       50%         3
 Animate Armour           Summ/Erth      0%         N/A       86%         4
 Manifold Assault         Tloc           0%         N/A       99%         5
 Yara's Violent Unravell  Hex/Tmut       0%         3d3       99%         5
 Spellforged Servitor     Conj/Summ      0%         N/A       100%        7
 Storm Form               Tmut/Air       0%         N/A       100%        7
 Lehudib's Crystal Spear  Conj/Erth      0%         10d2      100%        8


Dungeon Overview and Level Annotations

Branches:
Dungeon (7/15)             Temple (1/1) D:5

Altars:
Ashenzari
Cheibriados
Dithmenos
Elyvilon
Hepliaklqana
Kikubaaqudgha
Makhleb
Nemelex Xobeh
Okawaru
Qazlal
Ru
Sif Muna
Trog
Uskayaw
Vehumet
Wu Jian
Xom
Yredelemnul
Zin
The Shining One

Shops:
D:5 !=(

Annotations:
D:7 Maggie


Innate Abilities, Weirdness & Mutations

You are too large for most types of armour.
You have claws for hands.
Your natural rate of healing is unusually fast.
You are covered in fur. (AC +1)
You have tough skin. (AC +1)
You tend to lose your temper in combat.
Your muscles are strong. (Str +2)


Message History

You whack Maggie!
Maggie is heavily wounded.
Your +8 whip "tizbic2's Foe" {spect, rElec Will+} closely misses Maggie.
The orc warrior hits you with a +0 hand axe of flaming!
The orc warrior burns you.
The orc warrior barely misses your smoke demon.
The orc warrior hits your +8 whip "tizbic2's Foe" {spect, rElec Will+} but does no damage.
Maggie hits you with a +2 vorpal broad axe.
Maggie closely misses your +8 whip "tizbic2's Foe" {spect, rElec Will+}.
You feel yourself speed up.
Your smoke demon gestures at Maggie.
The ball of steam hits the orc warrior!
The ball of steam hits Maggie!
The orc warrior barely misses you.
The orc warrior misses your smoke demon.
Maggie is engulfed in a cloud of scalding steam.
Maggie hits you with a +2 vorpal broad axe!
* * * LOW HITPOINT WARNING * * *
You closely miss the orc warrior.
The orc warrior is heavily wounded.
Your +8 whip "tizbic2's Foe" {spect, rElec Will+} completely misses the orc warrior.
You are engulfed in a cloud of scalding steam.
* * * LOW HITPOINT WARNING * * *
Your smoke demon gestures at Maggie.
The sticky flame hits the orc warrior.
The orc warrior is covered in liquid flames!
You hit the orc warrior.
The orc warrior is heavily wounded.
Your +8 whip "tizbic2's Foe" {spect, rElec Will+} closely misses the orc warrior.
You are engulfed in a cloud of scalding steam.
Unknown command.
You hit the sky beast.
The sky beast is lightly wounded.
You are engulfed in a cloud of scalding steam.
* * * LOW HITPOINT WARNING * * *
The orc warrior burns!
The orc warrior is engulfed in a cloud of scalding steam.
The orc warrior hits you with a +0 hand axe of flaming!
* * * LOW HITPOINT WARNING * * *
The orc warrior burns you!
You die...

.....# . .. ....#.##.
... .@... .... ....
##..###.### ...
#.........###.Y. .
#.........#...#..
#..<...§§§....#.# #
#......§@§#>..#.#..
###.####o@#.......
#.####(3Y....####
#................
#.........)...#####
#.).....##........#
#.#####.#....####.####
. #.......####.....
#.##..........# #.
#..........#


You could see Maggie (mesmerising, ally target), an orc warrior (burning), a sky
beast, a friendly smoke demon (summoned) and a friendly +8 whip "tizbic2's Foe"
{spect, rElec Will+} (summoned).

Vanquished Creatures
  Pikel (D:4)
  2 centaur zombies
  Prince Ribbit (D:7)
  Menkaure (D:5)
  A sky beast (D:5)
  An ogre (D:6)
  2 phantoms
  2 lemures (D:4)
  A gnoll sergeant (D:5)
  A scorpion (D:2)
  A water moccasin zombie (D:6)
  A bullfrog (D:6)
  2 howler monkeys
  2 hounds
  An orc priest (D:6)
  A bullfrog skeleton (D:6)
  5 iguanas
  3 orc wizards
  A hound zombie (D:5)
  A howler monkey skeleton (D:5)
  12 gnolls
  6 adders
  2 shadow imps (D:6)
  A white imp (D:6)
  An ufetubus (D:6)
  A worm (D:3)
  2 dart slugs
  15 orcs
  3 endoplasms
  6 giant cockroaches
  9 goblins
  7 hobgoblins
  5 jackals
  5 kobolds
  7 quokkas
  6 ball pythons
  10 bats
  3 frilled lizards
  5 rats
137 creatures vanquished.

Vanquished Creatures (collateral kills)
  An orc (D:7)
1 creature vanquished.

Vanquished Creatures (others)
  An endoplasm (D:4)
1 creature vanquished.

Grand Total: 139 creatures vanquished

Notes
Turn   | Place    | Note
-------+----------+-------------------------------------------
     0 | D:1      | tizbic2 the Troll Monk began the quest for the Orb.
     0 | D:1      | Reached XP level 1. HP: 22/22 MP: 0/0
    72 | D:1      | Reached skill level 3 in Maces & Flails
    80 | D:1      | Reached XP level 2. HP: 25/29 MP: 1/1
   331 | D:1      | Reached XP level 3. HP: 32/36 MP: 2/2
   386 | D:1      | Found a faded altar of an unknown god.
   516 | D:1      | Reached skill level 4 in Maces & Flails
  1005 | D:1      | Reached XP level 4. HP: 33/44 MP: 3/3
  1264 | D:2      | Noticed a scorpion
  1284 | D:2      | Killed a scorpion
  1285 | D:2      | Reached skill level 5 in Maces & Flails
  1285 | D:2      | Reached XP level 5. HP: 50/50 MP: 4/4
  1953 | D:2      | Reached skill level 6 in Maces & Flails
  2133 | D:4      | Reached XP level 6. HP: 59/59 MP: 5/5
  2547 | D:4      | Noticed Pikel
  2587 | D:4      | Killed Pikel
  2588 | D:4      | Reached skill level 8 in Maces & Flails
  2588 | D:4      | Reached XP level 7. HP: 15/66 MP: 6/6
  3172 | D:5      | Entered Level 5 of the Dungeon
  3188 | D:5      | Gained mutation: You tend to lose your temper in combat.
                  | [potion of mutation]
  3188 | D:5      | Gained mutation: Your muscles are strong. (Str +2) [potion
                  | of mutation]
  3293 | D:5      | Found Ragoib's Jewellery Shop.
  3318 | D:5      | Noticed Menkaure
  3404 | D:5      | Found a staircase to the Ecumenical Temple.
  3434 | Temple   | Entered the Ecumenical Temple
  3496 | Temple   | Became a worshipper of Makhleb the Destroyer
  3496 | Temple   | Reached * piety under Makhleb
  3496 | Temple   | Reached ** piety under Makhleb
  3941 | D:5      | Reached skill level 1 in Invocations
  3952 | D:5      | Killed Menkaure
  3953 | D:5      | Reached XP level 8. HP: 46/74 MP: 6/8
  4052 | D:5      | Identified the +8 whip "tizbic2's Foe" {spect, rElec Will+}
  4083 | D:5      | Found Ewoenuky's Distillery.
  4270 | D:5      | Reached skill level 9 in Maces & Flails
  4418 | D:5      | Found Hoseann's Weapon Shoppe.
  4739 | D:6      | Got the Guide on Bewitching Confrontation
  4928 | D:6      | Reached skill level 5 in Invocations
  5135 | D:6      | Reached XP level 9. HP: 80/80 MP: 10/12
  5219 | D:7      | Noticed Prince Ribbit
  5219 | D:7      | Noticed Maggie
  5225 | D:7      | Reached *** piety under Makhleb
  5232 | D:7      | Killed Prince Ribbit
  5242 | D:7      | HP: 1/80 [orc warrior (17)]
  5242 | D:7      | Mangled by an orc warrior

Illustrated notes

Levels and vault maps discovered:
D:1:      shiori_shiawase, layout_basic, shapermc_ecumenical_altar_pompeii
D:2:      layout_rooms
D:3:      layout_rooms
D:4:      layout_loops_cross, lemuel_old_faithful, uniq_pikel
D:5:      layout_basic, temple_doors_cd, serial_shops, nicolae_shop_stone,
          kennysheep_mini, nicolae_take_the_stairs, uniq_menkaure
D:6:      layout_loops_ring
D:7:      layout_rooms, gammafunk_ghost_grave, uniq_maggie, uniq_prince_ribbit1
Temple:   regret_index_temple_chain_breaker

Skill      XL: |  1  2  3  4  5  6  7  8  9 |
---------------+----------------------------+-----
Maces & Flails | 3 4 5 6 8 9 |  9.8
Invocations    | 2 5 6 |  6.4
Fighting       | |  2.5
Dodging        | |  2.4
Stealth        | |  1.0

Action                   |  1- 3 |  4- 6 |  7- 9 || total
-------------------------+-------+-------+-------++-------
Melee: Mace              |   144 |   135 |       ||   279
       Flail             |       |    93 |       ||    93
       Punch             |       |     3 |     3 ||     6
       Whip              |       |       |   156 ||   156
Throw: Boomerang         |    11 |     3 |     6 ||    20
Invok: Minor Destruction |       |       |    33 ||    33
       Lesser Servant of |       |       |     1 ||     1
  Use: Scroll            |       |    11 |     6 ||    17
       Potion            |       |     4 |     3 ||     7
 Stab: Sleeping          |     4 |     1 |     1 ||     6
       Distracted        |       |       |     3 ||     3
Armor: Robe              |    65 |    72 |    17 ||   154
       Skin              |       |    10 |       ||    10
Dodge: Dodged            |   108 |   122 |    40 ||   270
